 Dungeon Crawl Stone Soup version 0.29.1-14-g9c671dbff4 (webtiles) character file.

Game seed: 2994915289120047279

80293 McKennaii the Thaumaturge (level 14, -1/107 (110) HPs)
             Began as a Demigod Ice Elementalist on Feb 18, 2023.
             Slain by a ghost moth (12 damage)
             ... on level 1 of the Spider Nest.
             The game lasted 01:05:35 (29539 turns).

McKennaii the Thaumaturge (DgIE)                   Turns: 29539, Time: 01:05:36

HP:   -1/107 (110)  AC: 12    Str:  6 (9)  XL:     14   Next: 83%
MP:   22/65         EV: 16    Int: 44      God:
Gold: 2865          SH:  0    Dex: 17      Spells: 18/42 levels left

rFire   . . .      SeeInvis .   L - +4 mace of Fundamental Breach {drain, Contam rPois Will++ MP+9}
rCold   . . .      Faith    .   (no shield)
rNeg    . . .      Spirit   .   R - +0 steam dragon scales
rPois   +          Reflect  .   V - +3 hat of Pondering {ponderous, Will+ MP+10 Int+5}
rElec   .          Harm     .   g - +2 cloak {rPois}
rCorr   .          Rampage  .   r - +0 pair of fencer's gloves {Riposte Dex+3}
Will    ++++.                   (no boots)
Stlth   ++........              U - amulet of regeneration
HPRegen 1.07/turn               s - +6 ring of intelligence
MPRegen 0.39/turn               m - ring of magical power

@: lightly drained, slow
A: high MP 1, forlorn, divine attributes
a: no special abilities


You were on level 1 of the Spider Nest.
You visited 4 branches of the dungeon, and saw 21 of its levels.
You also visited: Gauntlet.

You collected 3605 gold pieces.
You spent 740 gold pieces at shops.

Inventory:

Hand Weapons
 L - the +4 mace of Fundamental Breach (weapon) {drain, Contam rPois Will++ MP+9}
   (You found it on level 4 of the Dungeon)

   A truly terrible weapon, it drains the life of any living foe it strikes.
   rPois:     It protects you from poison.
   MP:        It affects your magic capacity (+9).
   Contam:    It causes magical contamination when unequipped.
   Will:      It greatly increases your willpower.
 W - the +8 demon blade "Leech" {vamp, Harm Drain rN+}
   (You found it on level 12 of the Dungeon)

   It heals its wielder for a portion of the damage dealt every time it strikes
   a living foe.
   rN:        It protects you from negative energy.
   Drain:     It drains your maximum health when unequipped.
   Harm:      It increases damage dealt and taken.
Armour
 g - a +2 cloak of poison resistance (worn)
 r - the +0 pair of fencer's gloves (worn) {Riposte Dex+3}
   (You found it on level 2 of the Dungeon)

   It allows the wearer to riposte with melee weapons, swiftly retaliating
   against missed or blocked melee attacks.
   Dex:       It affects your dexterity (+3).
 R - +0 steam dragon scales (worn)
 V - the +3 hat of Pondering (worn) {ponderous, Will+ MP+10 Int+5}
   (You found it on level 12 of the Dungeon)

   Int:       It affects your intelligence (+5).
   MP:        It affects your magic capacity (+10).
   Will:      It increases your willpower.
Jewellery
 d - a ring of flight
 l - the ring of Kenitin {rElec rF+ rC- Will+}
   (You took it off a minotaur in a Gauntlet)

   [ring of protection from fire]

   rF:        It protects you from fire.
   rC:        It makes you vulnerable to cold.
   rElec:     It insulates you from electricity.
   Will:      It increases your willpower.
 m - a ring of magical power (right hand)
 q - the ring "Miune" {rF+ Int-2 Dex+6}
   (You took it off a gnoll bouda on level 8 of the Dungeon)

   [ring of protection from fire]

   Int:       It affects your intelligence (-2).
   Dex:       It affects your dexterity (+6).
   rF:        It protects you from fire.
 s - a +6 ring of intelligence (left hand)
 C - a ring of resist corrosion
 Q - a ring of ice
 U - an amulet of regeneration (around neck)
Wands
 e - a wand of light (7)
 x - a wand of digging (15)
 A - a wand of flame (3)
 E - a wand of polymorph (4)
 G - a wand of roots (34)
 S - a wand of mindburst (3)
 T - a wand of paralysis (14)
Scrolls
 a - 2 scrolls of brand weapon
 j - 2 scrolls of silence
 k - 8 scrolls of immolation
 p - 3 scrolls of poison
 t - 4 scrolls of fear
 u - 4 scrolls of teleportation
 y - a scroll of amnesia
 B - a scroll of magic mapping
 F - 5 scrolls of vulnerability
 J - 2 scrolls of blinking
 M - 8 scrolls of enchant weapon
 X - 3 scrolls of enchant armour {unknown}
 Z - 2 scrolls of noise {unknown}
Potions
 b - 6 potions of magic
 c - a potion of flight
 f - 4 potions of lignification
 h - 8 potions of mutation
 i - 14 potions of curing
 n - 4 potions of berserk rage
 o - 2 potions of degeneration {unknown}
 v - 3 potions of heal wounds {unknown}
 w - 4 potions of attraction
 z - 5 potions of might
 D - 3 potions of brilliance {unknown}
 I - 2 potions of resistance {unknown}
 N - 3 potions of haste {unknown}
 O - 2 potions of invisibility {unknown}
 Y - a potion of ambrosia {unknown}


   Skills:
 - Level 6.0 Fighting
 - Level 8.0 Dodging
 - Level 1.7 Stealth
 + Level 14.6 Spellcasting
 + Level 11.1 Conjurations
 - Level 8.0 Ice Magic
 * Level 11.6 Earth Magic


You had 18 spell levels left.
You knew the following spells:

 Your Spells              Type           Power      Damage    Failure   Level
a - Freeze                Ice            100%       1d11      1%          1
b - Frozen Ramparts       Ice            100%       1d16      1%          3
c - Hailstorm             Conj/Ice       86%        3d17      1%          4
d - Stone Arrow           Conj/Erth      100%       3d13      1%          3
e - Freezing Cloud        Conj/Ice/Air   36%        6-21      1%          5
f - Lehudib's Crystal Sp  Conj/Erth      46%        10d11     45%         8

Your spell library contained the following spells:

 Spells                   Type           Power      Damage    Failure   Level
 Sandblast                Erth           100%       2d20      0%          1
 Blink                    Tloc           64%        N/A       1%          2
 Ensorcelled Hibernation  Hex/Ice        100%       N/A       1%          2
 Passwall                 Tmut/Erth      58%        N/A       1%          2
 Conjure Flame            Conj/Fire      69%        6-21      1%          3
 Mephitic Cloud           Conj/Pois/Air  60%        N/A       1%          3
 Ozocubu's Armour         Ice            80%        N/A       1%          3
 Animate Armour           Summ/Erth      100%       N/A       1%          4
 Sticky Flame             Conj/Fire      69%        2d8       1%          4
 Ignite Poison            Fire/Tmut/Pois 32%        N/A       2%          3
 Spider Form              Tmut/Pois      32%        N/A       2%          3
 Teleport Other           Tloc           32%        N/A       2%          3
 Tukima's Dance           Hex            32%        N/A       2%          3
 Borgnjor's Vile Clutch   Necr/Erth      35%        N/A       2%          5
 Irradiate                Conj/Tmut      34%        3d23      2%          5
 Anguish                  Hex/Necr       16%        N/A       9%          4
 Corpse Rot               Necr/Pois/Air  32%        N/A       9%          4
 Passage of Golubria      Tloc           32%        N/A       9%          4
 Blade Hands              Tmut           16%        N/A       24%         5
 Yara's Violent Unravell  Hex/Tmut       16%        3d8       24%         5
 Dispersal                Tloc           16%        N/A       78%         6
 Dragon Form              Tmut           16%        N/A       100%        7
 Borgnjor's Revivificati  Necr           16%        N/A       100%        8
 Necromutation            Tmut/Necr      16%        N/A       100%        8
 Death's Door             Necr           16%        N/A       100%        9


Dungeon Overview and Level Annotations

Branches:
Dungeon (13/15)            Temple (0/1) D:5            Lair (5/5) D:9
  Swamp (0/4) Lair:3       Spider (1/4) Lair:3        Slime (0/5) Lair:4
    Orc (2/2) D:10            Elf (0/3) Orc:2       Gauntlet (visited)
 Vaults: D:13-14

Shops:
D:2 !:   D:4 (   D:8 =(   Orc:1 [   Orc:2 ((((

Annotations:
Spider:1 Donald; Frances
Orc:2 3 runed translucent doors, LaMa's ghost, journeyman MiBe


Innate Abilities, Weirdness & Mutations

You have an increased reservoir of magic. (+10% MP)
You shall have no god before yourself.
Your divine heritage dramatically boosts your attributes as you level up.


Message History

The culicivora misses you.
You riposte.
The jumping spider's many legs skitter faintly.
You hit the culicivora. You drain the culicivora.
The culicivora is moderately wounded.
Something hits you! Something hits you.
You feel weakened. Something stings you.
You completely miss something. The tarantella touches you.
You are confused.
The jumping spider leaps!
You feel you are being watched by something.
You feel your power leaking away. Something hits you.
Something barely misses you. x2
The tarantella closely misses you.
You bump into the rock wall.
A jumping spider comes into view.
The tarantella completely misses you. The jumping spider pounces on you!
The jumping spider misses you.
Something hits you but does no damage. x2
Something stings you.
You feel weakened. The tarantella touches you!
* * * LOW HITPOINT WARNING * * *
You are more confused.
Something hits you.
* * * LOW HITPOINT WARNING * * *
Something hits you.
* * * LOW HITPOINT WARNING * * *
Something stings you.
* * * LOW HITPOINT WARNING * * *
You feel weakened. The jumping spider pounces on you!
* * * LOW HITPOINT WARNING * * *
The jumping spider bites you but does no damage.
You feel better. The tarantella closely misses you.
The jumping spider barely misses you.
The jumping spider bites you but does no damage.
You feel you are being watched by something.
You feel your power leaking away. Something hits you!
You die...

## ^.#. #.. @.#.
#..# ..@.##. .####
.. s#..##...# ##$
#..#...#.# #.## ..
#.#..#.<.# s..#@
#>.#.#@)#.#
#..##s.@.ss...#
#....#.^#.#.##
#.....#.#.#..s.#.#
.°.#..........#...#
. !.#.#.#.#.#..####
#.#..#...####.# #.
##..##.# ## . .##
#..


You could see Frances, an orb spider, 2 jumping spiders and a tarantella.

Vanquished Creatures
  Jorgrun (D:12)
  A fire giant (shapeshifter) (D:8)
  An orc warlord (Orc:2)
  A minotaur (Gauntlet)
  Fannar (Orc:1)
  A boulder beetle (Lair:5)
  4 hydras
  A centaur warrior (Orc:2)
  Erica (D:10)
  6 two-headed ogres
  6 death yaks (Lair:4)
  An orc high priest (Orc:2)
  Sonja (Orc:1)
  A wretched star (Gauntlet)
  Lodul (D:10)
  3 bog bodies (Lair:3)
  A deep elf archer (Orc:2)
  A deep elf pyromancer (D:9)
  Pikel (D:6)
  4 lindwurms (D:11)
  5 orc knights
  2 orc sorcerers (Orc:2)
  A manticore (D:11)
  5 cyclopes
  16 elephants
  An oklob plant (Lair:3)
  Maurice (D:12)
  4 black mambas
  12 cane toads
  A smoke demon (Gauntlet)
  2 rime drakes
  7 komodo dragons
  9 trolls
  3 polar bears (Lair:5)
  9 hornets
  Prince Ribbit (D:6)
  5 dream sheep
  9 blink frogs
  A jumping spider (Lair:3)
  Sigmund (D:2)
  A vampire (D:11)
  2 culicivoras (Lair:3)
  15 spriggans (Lair:5)
  51 yaks
  3 shadows
  4 wraiths
  3 wyverns
  2 basilisks
  2 neqoxecs (Gauntlet)
  3 steam dragons (D:8)
  11 vampire mosquitoes
  4 wargs
  A swamp worm (Lair:3)
  An acid dragon (D:8)
  14 water moccasins
  40 orc warriors
  6 ice beasts
  3 sky beasts
  5 black bears
  4 boggarts (Lair:5)
  18 centaurs
  16 ogres
  35 wolves
  A lemure (D:6)
  4 phantoms
  Blork the orc (D:6)
  2 kobold brigands (D:8)
  4 necrophages
  13 bullfrogs
  A gnoll sergeant (D:4)
  5 scorpions
  4 wights
  A small abomination (Gauntlet)
  10 killer bees
  8 electric eels
  12 howler monkeys
  4 crimson imps (Gauntlet)
  6 hounds
  6 jellies
  15 orc priests
  Crazy Yiuf (D:3)
  2 gnoll boudas
  14 orc wizards
  Jessica (D:2)
  Ijyb (D:3)
  Terence (D:2)
  4 iguanas
  Natasha (thrice) (D:2)
  4 gnolls (D:7)
  7 adders
  A shadow imp (D:8)
  A white imp (D:5)
  3 worms
  3 dart slugs
  77 orcs
  9 ball pythons
  20 endoplasms
  A giant cockroach (D:1)
  10 goblins
  11 hobgoblins
  12 jackals
  A quokka (D:2)
  9 bats
  4 frilled lizards
  16 kobolds
  6 rats
  A spectral hobgoblin (D:5)
697 creatures vanquished.

Vanquished Creatures (others)
  2 demonic plants (Gauntlet)
  26 fungi
  9 plants
37 creatures vanquished.

Grand Total: 734 creatures vanquished

Notes
Turn   | Place    | Note
-------+----------+-------------------------------------------
     0 | D:1      | McKennaii the Demigod Ice Elementalist began the quest for
                  | the Orb.
     0 | D:1      | Reached XP level 1. HP: 14/14 MP: 5/5
   159 | D:1      | Reached skill level 2 in Spellcasting
   171 | D:1      | Reached XP level 2. HP: 20/20 MP: 1/7
   988 | D:1      | Reached XP level 3. HP: 26/26 MP: 7/9
  1087 | D:1      | Learned a level 3 spell: Frozen Ramparts
  1688 | D:2      | Noticed Natasha
  1728 | D:2      | Found Qodej's Distillery.
  1826 | D:2      | Killed Natasha
  1981 | D:2      | Reached XP level 4. HP: 33/33 MP: 7/10
  2036 | D:2      | Bought a potion of curing for 42 gold pieces
  2116 | D:2      | Noticed Sigmund
  2224 | D:2      | Noticed Terence
  2232 | D:2      | Killed Terence
  2423 | D:2      | Learned a level 4 spell: Hailstorm
  2460 | D:2      | Identified the +5 sling of Tortured Purpose {vorpal, rF+
                  | rC+}
  2496 | D:2      | Found Aczug's Book Emporium.
  2619 | D:2      | Noticed Jessica
  2626 | D:2      | Killed Jessica
  2646 | D:2      | Noticed Natasha
  2742 | D:2      | Killed Natasha
  2743 | D:2      | Reached skill level 3 in Spellcasting
  2743 | D:2      | Reached XP level 5. HP: 38/38 MP: 8/12
  2822 | D:2      | Found the +0 pair of fencer's gloves {Riposte Dex+3}
  3525 | D:3      | Noticed Ijyb
  3532 | D:3      | Killed Ijyb
  3659 | D:3      | Found a runed translucent door.
  3660 | D:3      | Noticed Crazy Yiuf
  4142 | D:3      | Killed Crazy Yiuf
  4360 | D:2      | Noticed Natasha
  4373 | D:2      | Killed Natasha
  4374 | D:2      | Reached XP level 6. HP: 45/45 MP: 6/14
  4377 | D:2      | Killed Sigmund
  4378 | D:2      | Reached skill level 5 in Ice Magic
  4474 | D:2      | Learned a level 3 spell: Stone Arrow
  4634 | D:4      | Found Meeroll's Weapon Shoppe.
  5008 | D:4      | Found a large runed translucent door.
  5008 | D:4      | Found a large runed translucent door.
  5011 | D:4      | Found a large runed translucent door.
  5011 | D:4      | Found a large runed translucent door.
  5096 | D:4      | Reached skill level 4 in Spellcasting
  5096 | D:4      | Reached skill level 1 in Earth Magic
  5096 | D:4      | Reached XP level 7. HP: 33/50 MP: 16/16
  5743 | D:4      | Identified the +4 mace of Fundamental Breach {drain, Contam
                  | rPois Will++ MP+9}
  5832 | D:5      | Entered Level 5 of the Dungeon
  6070 | D:5      | Reached skill level 5 in Dodging
  6250 | D:5      | Found a staircase to the Ecumenical Temple.
  6271 | D:5      | Reached XP level 8. HP: 57/57 MP: 18/18
  6736 | D:5      | Reached skill level 5 in Spellcasting
  7205 | D:6      | Noticed Prince Ribbit
  7211 | D:6      | Killed Prince Ribbit
  7551 | D:6      | Reached XP level 9. HP: 53/62 MP: 13/21
  7679 | D:6      | Noticed Blork the orc
  7683 | D:6      | Killed Blork the orc
  7768 | D:6      | Noticed Pikel
  7772 | D:6      | Killed Pikel
  7773 | D:6      | Reached skill level 6 in Spellcasting
  8834 | D:7      | Reached skill level 7 in Spellcasting
  9230 | D:8      | Noticed a two-headed ogre
  9241 | D:8      | Killed a two-headed ogre
  9242 | D:8      | Reached XP level 10. HP: 35/69 MP: 25/25
  9567 | D:8      | Found Rutulom's Jewellery Boutique.
  9573 | D:8      | Reached skill level 8 in Spellcasting
  9756 | D:8      | Identified a scroll of acquirement
  9757 | D:8      | Acquired a +2 hat of see invisible
  9993 | D:8      | Reached skill level 9 in Spellcasting
  9999 | D:8      | Noticed a two-headed ogre
 10148 | D:8      | Found Cohydoyr's Antique Weapon Emporium.
 10310 | D:8      | Killed a two-headed ogre
 10322 | D:8      | Noticed a two-headed ogre
 10327 | D:8      | Killed a two-headed ogre
 10421 | D:8      | Noticed a cyclops
 10425 | D:8      | Killed a cyclops
 10426 | D:8      | Reached skill level 10 in Spellcasting
 10664 | D:8      | Noticed a dire elephant
 10669 | D:8      | Noticed a fire giant
 10669 | D:8      | a dire elephant changed into a fire giant
 10673 | D:8      | Killed a fire giant
 10772 | D:8      | Identified the ring "Miune" {rF+ Int-2 Dex+6}
 11060 | D:8      | Reached XP level 11. HP: 74/74 MP: 30/30
 11294 | D:8      | Learned a level 5 spell: Freezing Cloud
 11557 | D:9      | Reached skill level 1 in Conjurations
 11709 | D:9      | Reached skill level 11 in Spellcasting
 12174 | D:9      | Noticed a two-headed ogre
 12183 | D:9      | Killed a two-headed ogre
 12645 | D:9      | Found a staircase to the Lair.
 12956 | D:9      | Noticed a deep elf pyromancer
 12959 | D:9      | Killed a deep elf pyromancer
 13096 | D:10     | Entered Level 10 of the Dungeon
 13244 | D:10     | Noticed Erica
 13405 | D:10     | Noticed Lodul
 13417 | D:10     | Killed Lodul
 13448 | D:10     | Reached skill level 5 in Conjurations
 13622 | D:10     | Found a staircase to the Orcish Mines.
 14090 | D:10     | Killed Erica
 14091 | D:10     | Reached skill level 12 in Spellcasting
 14794 | D:11     | Reached skill level 1 in Fighting
 15022 | D:11     | Noticed an eight-headed hydra
 15029 | D:11     | Killed an eight-headed hydra
 15030 | D:11     | Reached XP level 12. HP: 47/85 MP: 33/33
 15969 | D:12     | Noticed Maurice
 15975 | D:12     | Killed Maurice
 16133 | D:12     | Noticed a two-headed ogre
 16288 | D:12     | Noticed a boulder beetle
 16477 | D:12     | Found the +3 hat of Pondering {ponderous, Will+ MP+10
                  | Int+5}
 16538 | D:12     | Killed a two-headed ogre
 16747 | D:12     | Found the +8 demon blade "Leech" {vamp, Harm Drain rN+}
 16873 | D:12     | Noticed Jorgrun
 16900 | D:12     | Killed Jorgrun
 16901 | D:12     | Reached skill level 13 in Spellcasting
 17128 | D:13     | Reached skill level 5 in Fighting
 17451 | D:2      | Bought a potion of curing for 42 gold pieces
 17451 | D:2      | Bought 2 potions of magic for 224 gold pieces
 17481 | D:2      | Bought a book of Armaments for 432 gold pieces
 17598 | Lair:1   | Entered Level 1 of the Lair of Beasts
 18411 | Lair:1   | Reached skill level 5 in Earth Magic
 18774 | Lair:2   | Reached XP level 13. HP: 102/102 MP: 34/35
 20178 | Lair:3   | Found a hole to the Spider Nest.
 21282 | Lair:3   | Found a staircase to the Swamp.
 21381 | Lair:4   | Found a staircase to the Slime Pits.
 22412 | Lair:5   | Entered Level 5 of the Lair of Beasts
 22748 | Lair:5   | Acquired 899 gold pieces
 22986 | Lair:5   | Reached skill level 14 in Spellcasting
 23048 | Lair:5   | Reached skill level 10 in Conjurations
 23048 | Lair:5   | Reached XP level 14. HP: 110/110 MP: 37/37
 23869 | Lair:5   | Reached skill level 10 in Earth Magic
 24950 | Orc:1    | Entered Level 1 of the Orcish Mines
 24950 | Orc:1    | Noticed Fannar
 24956 | Orc:1    | Killed Fannar
 25166 | Orc:1    | Found Poarissa's Antique Armour Emporium.
 25365 | Orc:1    | Noticed Sonja
 25367 | Orc:1    | Killed Sonja
 26265 | Orc:2    | Entered Level 2 of the Orcish Mines
 26306 | Orc:2    | Found a gate leading to a gauntlet.
 26386 | Gauntlet | Entered a Gauntlet
 26386 | Gauntlet | Found a transporter.
 26394 | Gauntlet | Found a transporter.
 26396 | Gauntlet | Found a transporter.
 26398 | Gauntlet | Found a transporter.
 26414 | Gauntlet | Found a transporter.
 26429 | Gauntlet | Found a transporter.
 26434 | Gauntlet | Found a transporter.
 26451 | Gauntlet | Found a transporter.
 26466 | Gauntlet | Found a transporter.
 26481 | Gauntlet | Found a transporter.
 26493 | Gauntlet | Found a transporter.
 26505 | Gauntlet | Found a transporter.
 26515 | Gauntlet | Found the +2 hood of the Assassin {Detection Stab+ Stlth++}
 26517 | Gauntlet | Found a transporter.
 26534 | Gauntlet | Found a transporter.
 26552 | Gauntlet | Found a transporter.
 26554 | Gauntlet | Found a transporter.
 26581 | Gauntlet | Found a transporter.
 26659 | Gauntlet | Found a transporter.
 26902 | Gauntlet | Got Nasustrua's Folio of Darkness
 27276 | Gauntlet | Identified the +8 war axe "Iguskemno" {vorpal, rC+}
 27276 | Gauntlet | Identified the +2 plate armour of the Camelopard {rF+
                  | Dex+6}
 27276 | Gauntlet | Identified the ring of Kenitin {rElec rF+ rC- Will+}
 27347 | Gauntlet | Got the Quarto of the Wayfarer
 27943 | Orc:2    | Found a runed translucent gate.
 27943 | Orc:2    | Found a runed translucent gate.
 27943 | Orc:2    | Found a runed translucent gate.
 27943 | Orc:2    | Noticed LaMa's ghost (journeyman MiBe)
 28744 | Orc:2    | Found Sanlip's Weapon Boutique.
 28744 | Orc:2    | Found Leklinuw's Antique Weapon Shoppe.
 28746 | Orc:2    | Found Seliahung's Antique Weapon Emporium.
 28748 | Orc:2    | Found Zoleim's Antique Weapon Shop.
 28928 | Orc:2    | Noticed an orc warlord
 29155 | Orc:2    | Found a staircase to the Elven Halls.
 29200 | Orc:2    | Killed an orc warlord
 29300 | Orc:2    | Learned a level 8 spell: Lehudib's Crystal Spear
 29517 | Spider:1 | Entered Level 1 of the Spider Nest
 29527 | Spider:1 | Noticed Frances
 29527 | Spider:1 | Noticed Donald
 29538 | Spider:1 | HP: 5/107 [jumping spider (15)]
 29539 | Spider:1 | Slain by a ghost moth

Illustrated notes

Levels and vault maps discovered:
D:1:      lightli_iron_boxes, layout_basic,
          shapermc_ecumenical_altar_notcrosses, dk_noncrumbling_2,
          minmay_tetromino_s2
D:2:      layout_basic, basic_altar, serial_shops, nicolae_diamond_shop,
          shop_fountains, amcnicky_mini_corridor_feature, minivault_26,
          kennysheep_flooded_box, minmay_randomly_rotated_circles, uniq_terence,
          uniq_natasha, uniq_jessica, uniq_sigmund
D:3:      layout_basic, mainiacjoe_overflow_surrounded_room, old_standard_altar,
          amethyst_overflow_temple_binary, mainiacjoe_overflow_paths,
          uniq_crazy_yiuf_cottage, uniq_ijyb
D:4:      layout_gridville, serial_shops, shop, minmay_hollow_rounded_squares
D:5:      minmay_angry_zag, layout_rooms,
          nicolae_hepliaklqana_monster_ancestors, amcnicky_altar_gilded,
          minmay_temple_entry_wispy
D:6:      nicolae_cairo_tiling_large, layout_cave_pools, uniq_prince_ribbit1,
          uniq_blork_the_orc, uniq_pikel
D:7:      layout_rooms, minmay_hedge_maze
D:8:      layout_basic, serial_shops, shop, nicolae_shop_crystal,
          kennysheep_minor_cross, chequers_decorated_corner,
          grunt_ministairs_12, minmay_pinched_square
D:9:      layout_stronghold, erik_lair_island, guppyfry_early_elven_hall
D:10:     layout_basic, general_overflow_altar, erik_orc_2,
          hangedman_abyss_or_decor_slice, uniq_lodul, uniq_erica
D:11:     layout_cave_pods, minmay_lindwurm_lava
D:12:     layout_cross, uniq_maurice, uniq_jorgrun
D:13:     layout_rooms
Lair:1:   layout_regular_city
Lair:2:   layout_hall_layers, lemuel_fruit_tree
Lair:3:   lemuel_slime, layout_cave_pods, nicolae_swamp_entry_splash_gauntlet,
          spider_nest_entry_funnel_web, st_stairs_8
Lair:4:   layout_cave_pods, dpeg_slime_entry_enclosed
Lair:5:   minmay_lair_end_enchanted_forest, layout_cave_pods
Spider:1: spiders_nest_scorpion_pit, uniq_frances, uniq_donald, uniq_louise
Orc:1:    layout_caves, serial_shops, shop_fountains, nicolae_orc_bridge_out,
          nicolae_orc_stony_grotto, uniq_fannar, uniq_sonja
Orc:2:    st_orc_rangers, layout_diamond_mine, gauntlet_entry_generic,
          gammafunk_ghost_split, elf_legates

Skill      XL: |  1  2  3  4  5  6  7  8  9 10 11 12 13 14 |
---------------+-------------------------------------------+-----
Dodging        | 2 3 4 5 6 8 |  8.0
Spellcasting   | 2 3 4 5 7 10 12 13 14 | 14.6
Ice Magic      | 4 5 6 7 8 |  8.0
Earth Magic    | 1 2 4 5 9 11 | 11.6
Conjurations   | 6 8 10 11 | 11.1
Fighting       | 2 5 6 |  6.0
Stealth        | |  1.7

Action                   |  1- 3 |  4- 6 |  7- 9 | 10-12 | 13-15 || total
-------------------------+-------+-------+-------+-------+-------++-------
Melee: Unarmed           |    10 |     6 |       |       |       ||    16
       Quarterstaff      |       |    10 |     7 |       |       ||    17
       Mace              |       |       |     1 |     7 |     3 ||    11
       Punch             |       |       |       |       |     1 ||     1
 Cast: Freeze            |    71 |    88 |    44 |     3 |     2 ||   208
       Frozen Ramparts   |       |     6 |    23 |    23 |    11 ||    63
       Stone Arrow       |       |       |   130 |   308 |   480 ||   918
       Hailstorm         |       |       |     2 |     1 |       ||     3
       Freezing Cloud    |       |       |       |    40 |    90 ||   130
  Use: Scroll            |       |       |       |    21 |     7 ||    28
       Potion            |       |       |       |     1 |     1 ||     2
 Stab: Sleeping          |       |     1 |       |       |       ||     1
Armor: Robe              |    10 |    14 |    19 |       |       ||    43
       Skin              |       |     5 |       |       |       ||     5
       Steam dragon scal |       |       |       |    23 |    62 ||    85
Dodge: Dodged            |    42 |    37 |    89 |    84 |   197 ||   449
Block: Other             |       |       |     5 |     9 |       ||    14
       Rpst.: Unarmed    |       |     6 |       |       |       ||     6
       Quarterstaff      |       |     2 |     8 |       |       ||    10
       Mace              |       |       |    29 |    17 |    36 ||    82
